SAAA
NAPERVILLE BATTLEKINGS @ PORT ROYAL DISASTER
09/16/2028
 
TOP OF THE 1ST
Naperville Battlekings batting - Pitching for Port Royal Disaster : RHP Miguel Hernández
Pitching: RHP Miguel Hernández
Batting: RHB Zeus Preckwinkle 0-0: Called Strike
0-1: Ball
1-1: SINGLE (Line Drive, 34D)
Batting: LHB Curtis Peters 0-0: Ball
Zeus Preckwinkle steals 2nd base
1-0: Called Strike
1-1: Foul Ball, location: 2F
1-2: Ball
2-2: Ground out 6-3 (Groundball, 6)
Zeus Preckwinkle to third
Batting: RHB Jay Hood 0-0: Reached on error, E5 (Groundball, 56)
Zeus Preckwinkle scores
Batting: RHB Theodore York 0-0: Called Strike
0-1: Ball
1-1: SINGLE (Line Drive, 6M)
Jay Hood to third
Runner from 3rd tries for Home, SAFE, no throw
Batting: RHB Matt Love 0-0: Ball
1-0: Ball
2-0: Ball
Wild Pitch!
Theodore York to second
3-0: Called Strike
3-1: Ground out 5-3 (Groundball, 5)
Batting: RHB Sergio Pérez 0-0: Ball
1-0: Called Strike
1-1: Swinging Strike
1-2: Ball
2-2: SINGLE (Groundball, 5S) (infield hit)
Theodore York to third
Batting: RHB António Guzmán 0-0: Called Strike
0-1: Foul Ball, location: 2F
0-2: Ball
1-2: Ball
2-2: Strikes out swinging
Top of the 1st over - 2 run(s), 3 hit(s), 1 error(s), 2 left on base; Naperville 2 - Port Royal 0
BOTTOM OF THE 1ST
Port Royal Disaster batting - Pitching for Naperville Battlekings : RHP Ernest Hawks
Pitching: RHP Ernest Hawks
Batting: LHB Ricky Payton 0-0: Ball
1-0: SINGLE (Groundball, 34D)
Batting: RHB Nelson Abbey 0-0: Called Strike
Ricky Payton steals 2nd base
0-1: Foul Ball, location: 2F
0-2: Foul Ball, location: 2F
0-2: Ground out 5-3 (Groundball, 56)
Batting: RHB Winston Sparks 0-0: Ball
Wild Pitch!
Ricky Payton to third
1-0: Foul Ball, location: 2F
1-1: Swinging Strike
1-2: Foul Ball, location: 2F
1-2: Fly out, F9 (Flyball, 89M)
Runner from 3rd tags up, SCORES, no throw
Batting: RHB Loren Stallings 0-0: Foul Ball, location: 2F
0-1: Foul Ball, location: 2F
0-2: Ball
1-2: Ball
2-2: Ball
3-2: Strikes out swinging
Bottom of the 1st over - 1 run(s), 1 hit(s), 0 error(s), 0 left on base; Naperville 2 - Port Royal 1
TOP OF THE 2ND
Naperville Battlekings batting - Pitching for Port Royal Disaster : RHP Miguel Hernández
Batting: LHB Alexis Raimbault 0-0: SINGLE (Line Drive, 8LS)
Pitching: RHP Nam Yee Yong
Batting: RHB Scott Zijm 0-0: Swinging Strike
0-1: SINGLE (Line Drive, 56)
Alexis Raimbault to second
Batting: RHB Zeus Preckwinkle 0-0: Ball
1-0: Called Strike
1-1: Swinging Strike
1-2: Ball
2-2: Strikes out swinging
Batting: LHB Curtis Peters 0-0: Ball
Alexis Raimbault is caught stealing 3rd base
Scott Zijm to second
1-0: Called Strike
1-1: Called Strike
1-2: Foul Ball, location: 2F
1-2: Ball
2-2: Ground out 4-3 (Groundball, 4)
Top of the 2nd over - 0 run(s), 2 hit(s), 0 error(s), 1 left on base; Naperville 2 - Port Royal 1
BOTTOM OF THE 2ND
Port Royal Disaster batting - Pitching for Naperville Battlekings : RHP Ernest Hawks
Batting: RHB Jesús Vargas 0-0: Ball
1-0: Called Strike
1-1: Called Strike
1-2: Ball
2-2: Strikes out swinging
Batting: RHB Brandon Cooper 0-0: Called Strike
0-1: Ball
1-1: Fly out, F8 (Flyball, 8LS)
Batting: LHB Bob Daugherty 0-0: Called Strike
0-1: Swinging Strike
0-2: Fly out, F6 (Popup, 6D)
Bottom of the 2nd over - 0 run(s), 0 hit(s), 0 error(s), 0 left on base; Naperville 2 - Port Royal 1
TOP OF THE 3RD
Naperville Battlekings batting - Pitching for Port Royal Disaster : RHP Nam Yee Yong
Batting: RHB Jay Hood 0-0: SINGLE (Line Drive, 6MD)
Batting: RHB Theodore York 0-0: Called Strike
0-1: Ball
1-1: Ball
2-1: Foul Ball, location: 2F
2-2: Ball
3-2: Strikes out swinging
Batting: RHB Matt Love 0-0: Ball
1-0: Foul Ball, location: 2F
1-1: Foul Ball, location: 2F
1-2: Fielders Choice at 2nd, 6-4 (Groundball, 6)
Batting: RHB Sergio Pérez 0-0: Called Strike
0-1: Ball
1-1: Ball
2-1: Swinging Strike
2-2: Strikes out swinging
Top of the 3rd over - 0 run(s), 1 hit(s), 0 error(s), 1 left on base; Naperville 2 - Port Royal 1
BOTTOM OF THE 3RD
Port Royal Disaster batting - Pitching for Naperville Battlekings : RHP Ernest Hawks
Batting: RHB Zach Lewis 0-0: Called Strike
0-1: Ball
1-1: Foul Ball, location: 2F
1-2: Foul Ball, location: 2F
1-2: Strikes out swinging
Batting: RHB Ronnie Cleveland 0-0: Ball
1-0: Ball
2-0: Foul Ball, location: 2F
2-1: Ground out 5-3 (Groundball, 56S)
Batting: LHB Ricky Payton 0-0: Ball
1-0: Ball
2-0: Ball
3-0: Called Strike
3-1: SINGLE (Groundball, 4MS) (infield hit)
Batting: RHB Nelson Abbey 0-0: Ball
Ricky Payton is caught stealing 2nd base
Bottom of the 3rd over - 0 run(s), 1 hit(s), 0 error(s), 0 left on base; Naperville 2 - Port Royal 1
TOP OF THE 4TH
Naperville Battlekings batting - Pitching for Port Royal Disaster : RHP Nam Yee Yong
Batting: RHB António Guzmán 0-0: Ball
1-0: Ball
2-0: Foul Ball, location: 2F
2-1: Foul Ball, location: 2F
2-2: Strikes out looking
Batting: LHB Alexis Raimbault 0-0: Called Strike
0-1: Foul Ball, location: 2F
0-2: Ball
1-2: Ball
2-2: Foul Ball, location: 2F
2-2: Foul Ball, location: 2F
2-2: Foul Ball, location: 2F
2-2: Ball
3-2: Base on Balls
Batting: RHB Scott Zijm 0-0: Ball
Alexis Raimbault steals 2nd base
1-0: Ball
Alexis Raimbault steals 3rd base
2-0: Ground out 6-3 (Groundball, 6S)
Alexis Raimbault scores
Batting: RHB Zeus Preckwinkle 0-0: Called Strike
0-1: Called Strike
0-2: Ball
1-2: Foul Ball, location: 2F
1-2: Fly out, F2 (Popup, 25)
Top of the 4th over - 1 run(s), 0 hit(s), 0 error(s), 0 left on base; Naperville 3 - Port Royal 1
BOTTOM OF THE 4TH
Port Royal Disaster batting - Pitching for Naperville Battlekings : RHP Ernest Hawks
Batting: RHB Nelson Abbey 0-0: Called Strike
0-1: Called Strike
0-2: Ball
1-2: Strikes out swinging
Batting: RHB Winston Sparks 0-0: Foul Ball, location: 2F
0-1: Ball
1-1: Swinging Strike
1-2: Ball
2-2: Foul Ball, location: 2F
2-2: Ball
3-2: Foul Ball, location: 2F
3-2: Fly out, F7 (Flyball, 78S)
Batting: RHB Loren Stallings 0-0: Ball
1-0: Ball
2-0: Ball
3-0: Called Strike
3-1: Foul Ball, location: 2F
3-2: Base on Balls
Batting: RHB Jesús Vargas 0-0: Called Strike
0-1: Fly out, F7 (Line Drive, 7D)
Bottom of the 4th over - 0 run(s), 0 hit(s), 0 error(s), 1 left on base; Naperville 3 - Port Royal 1
TOP OF THE 5TH
Naperville Battlekings batting - Pitching for Port Royal Disaster : RHP Nam Yee Yong
Batting: LHB Curtis Peters 0-0: Swinging Strike
0-1: Foul Ball, location: 2F
0-2: Ball
1-2: Ball
2-2: Foul Ball, location: 2F
2-2: Fly out, F7 (Flyball, 78S)
Batting: RHB Jay Hood 0-0: Ground out 4-3 (Groundball, 4D)
Batting: RHB Theodore York 0-0: Ball
1-0: Ball
2-0: Ball
3-0: Called Strike
3-1: Base on Balls
Batting: RHB Matt Love 0-0: Ball
1-0: SINGLE (Groundball, 6MD)
Theodore York to second
Batting: RHB Sergio Pérez 0-0: Called Strike
0-1: Ball
1-1: Ball
2-1: Ground out 1-3 (Groundball, 13S)
Top of the 5th over - 0 run(s), 1 hit(s), 0 error(s), 2 left on base; Naperville 3 - Port Royal 1
BOTTOM OF THE 5TH
Port Royal Disaster batting - Pitching for Naperville Battlekings : RHP Ernest Hawks
Batting: RHB Brandon Cooper 0-0: Ball
1-0: Called Strike
1-1: Ball
2-1: Called Strike
2-2: Ball
3-2: Base on Balls
Batting: LHB Bob Daugherty 0-0: Called Strike
0-1: Ball
1-1: Grounds into double play, 4-6-3 (Groundball, 34)
Batting: RHB Zach Lewis 0-0: Ball
1-0: Ball
2-0: Ground out 5-3 (Groundball, 56)
Bottom of the 5th over - 0 run(s), 0 hit(s), 0 error(s), 0 left on base; Naperville 3 - Port Royal 1
TOP OF THE 6TH
Naperville Battlekings batting - Pitching for Port Royal Disaster : RHP Nam Yee Yong
Batting: RHB António Guzmán 0-0: Called Strike
0-1: Ball
1-1: Foul Ball, location: 2F
1-2: Foul Ball, location: 2F
1-2: Foul Ball, location: 2F
1-2: Ground out 6-3 (Groundball, 6)
Pitching: RHP Alfredo Hernández
Batting: LHB Alexis Raimbault 0-0: Called Strike
0-1: Fly out, F8 (Flyball, 8RM)
Batting: RHB Scott Zijm 0-0: Swinging Strike
0-1: Swinging Strike
0-2: Strikes out swinging
Top of the 6th over - 0 run(s), 0 hit(s), 0 error(s), 0 left on base; Naperville 3 - Port Royal 1
BOTTOM OF THE 6TH
Port Royal Disaster batting - Pitching for Naperville Battlekings : RHP Ernest Hawks
Batting: RHB Ronnie Cleveland 0-0: Called Strike
0-1: Ball
1-1: Ball
2-1: Ball
3-1: Swinging Strike
3-2: Strikes out swinging
Batting: LHB Ricky Payton 0-0: Ball
1-0: Swinging Strike
1-1: Foul Ball, location: 2F
1-2: Foul Ball, location: 2F
1-2: Fly out, F9 (Line Drive, 9)
Batting: RHB Nelson Abbey 0-0: Ball
1-0: DOUBLE (Groundball, 5L)
Batting: RHB Winston Sparks 0-0: Ball
1-0: Ball
2-0: Foul Ball, location: 2F
2-1: Ball
3-1: Fly out, F7 (Flyball, 78S)
Bottom of the 6th over - 0 run(s), 1 hit(s), 0 error(s), 1 left on base; Naperville 3 - Port Royal 1
TOP OF THE 7TH
Naperville Battlekings batting - Pitching for Port Royal Disaster : RHP Alfredo Hernández
Batting: RHB Zeus Preckwinkle 0-0: Ball
1-0: Called Strike
1-1: Foul Ball, location: 2F
1-2: Strikes out looking
Batting: LHB Curtis Peters 0-0: Called Strike
0-1: Ball
1-1: Ground out 4-3 (Groundball, 4)
Batting: RHB Jay Hood 0-0: Called Strike
0-1: Ball
1-1: Fly out, F9 (Flyball, 9LSF)
Top of the 7th over - 0 run(s), 0 hit(s), 0 error(s), 0 left on base; Naperville 3 - Port Royal 1
BOTTOM OF THE 7TH
Port Royal Disaster batting - Pitching for Naperville Battlekings : RHP Ernest Hawks
Batting: RHB Loren Stallings 0-0: Ground out 6-3 (Groundball, 6S)
Batting: RHB Jesús Vargas 0-0: Ball
1-0: Ball
2-0: Foul Ball, location: 2F
2-1: Called Strike
2-2: Foul Ball, location: 2F
2-2: Fly out, F5 (Popup, 56S)
Batting: RHB Brandon Cooper 0-0: Ball
1-0: Foul Ball, location: 2F
1-1: Ball
2-1: Swinging Strike
2-2: Fly out, F9 (Flyball, 9S)
Bottom of the 7th over - 0 run(s), 0 hit(s), 0 error(s), 0 left on base; Naperville 3 - Port Royal 1
TOP OF THE 8TH
Naperville Battlekings batting - Pitching for Port Royal Disaster : RHP Alfredo Hernández
Batting: RHB Theodore York 0-0: Called Strike
0-1: Ball
1-1: Ball
2-1: Called Strike
2-2: Strikes out swinging
Batting: RHB Matt Love 0-0: Called Strike
0-1: Called Strike
0-2: Foul Ball, location: 2F
0-2: Strikes out looking
Batting: RHB Sergio Pérez 0-0: Ball
1-0: Ball
2-0: Fly out, F2 (Popup, 5S)
Top of the 8th over - 0 run(s), 0 hit(s), 0 error(s), 0 left on base; Naperville 3 - Port Royal 1
BOTTOM OF THE 8TH
Port Royal Disaster batting - Pitching for Naperville Battlekings : RHP Ernest Hawks
Pitching: RHP Sixto Palaeios
Batting: LHB Bob Daugherty 0-0: Ground out 3-1 (Groundball, 34)
Batting: RHB Zach Lewis 0-0: Ball
1-0: Ball
2-0: Ball
3-0: Foul Ball, location: 2F
3-1: Base on Balls
Batting: RHB Ronnie Cleveland 0-0: Ball
1-0: Foul Ball, location: 2F
1-1: Grounds into double play, 6-4-3 (Groundball, 6)
Bottom of the 8th over - 0 run(s), 0 hit(s), 0 error(s), 0 left on base; Naperville 3 - Port Royal 1
TOP OF THE 9TH
Naperville Battlekings batting - Pitching for Port Royal Disaster : RHP Alfredo Hernández
Pitching: RHP Cipriano Costa
Batting: RHB António Guzmán 0-0: Ball
1-0: Ball
2-0: Foul Ball, location: 2F
2-1: Swinging Strike
2-2: Ball
3-2: Base on Balls
Batting: LHB Alexis Raimbault 0-0: Swinging Strike
0-1: Ball
1-1: Fly out, F8 (Line Drive, 8LM)
Batting: RHB Scott Zijm 0-0: Called Strike
0-1: Ball
1-1: Fly out, F9 (Flyball, 89S)
Batting: RHB Zeus Preckwinkle 0-0: Called Strike
0-1: Ball
1-1: Ball
2-1: Called Strike
2-2: Strikes out swinging
Top of the 9th over - 0 run(s), 0 hit(s), 0 error(s), 1 left on base; Naperville 3 - Port Royal 1
BOTTOM OF THE 9TH
Port Royal Disaster batting - Pitching for Naperville Battlekings : RHP Sixto Palaeios
Pitching: LHP Chris Rogers
Batting: LHB Ricky Payton 0-0: Ball
1-0: Called Strike
1-1: Ball
2-1: Ground out 4-3 (Groundball, 34)
Batting: RHB Nelson Abbey 0-0: Ball
1-0: Ball
2-0: Ball
3-0: Called Strike
3-1: Swinging Strike
3-2: Fly out, F8 (Flyball, 8RM)
Batting: RHB Winston Sparks 0-0: Swinging Strike
0-1: SINGLE (Flyball, 8LS)
Pinch Hitting: RHB Martín Méndez 0-0: Called Strike
0-1: Foul Ball, location: 2F
0-2: Ball
1-2: Ball
2-2: Ball
3-2: Strikes out swinging
Bottom of the 9th over - 0 run(s), 1 hit(s), 0 error(s), 1 left on base; Naperville 3 - Port Royal 1
Wednesday, September 6th, 2017 - OOTP Baseball 17.12 Build 75